 Dungeon Crawl Stone Soup version 0.27-a0-1123-g2f9bb313c0 (webtiles) character file.

Game seed: 18288591770445911788

427 kae the Chopper (level 6, -1/56 HPs)
             Began as a Hill Orc Fighter on May 3, 2021.
             Was an Initiate of Qazlal.
             Slain by Robin
             ... wielding a +2 mace of protection
              (4 damage)
             ... on level 4 of the Dungeon.
             The game lasted 00:01:36 (3379 turns).

kae the Chopper (Hill Orc Fighter)                  Turns: 3379, Time: 00:01:37

Health: -1/56      AC:  9    Str: 21    XL:     6   Next: 97%
Magic:  6/6        EV:  7    Int:  8    God:    Qazlal [......]
Gold:   128        SH:  9    Dex: 10    Spells: 5/5 levels left

rFire    . . .     SeeInvis .   a - +0 war axe
rCold    . . .     Faith    .   c - +0 kite shield
rNeg     . . .     Spirit   .   b - +1 scale mail
rPois    .         Reflect  .   (no helmet)
rElec    .         Harm     .   (no cloak)
rCorr    .         Rampage  .   l - +0 pair of gloves
Will     .....                  (no boots)
Stlth    ..........             (no amulet)
HPRegen  0.18/turn              (no ring)
MPRegen  0.10/turn              (no ring)

@: no status effects
A: no striking features
a: Renounce Religion


You were on level 4 of the Dungeon.
You worshipped Qazlal.
Qazlal was noncommittal.
You visited 2 branches of the dungeon, and saw 5 of its levels.

You collected 128 gold pieces.

Inventory:

Hand Weapons
 a - a +0 war axe (weapon)
Armour
 b - a +1 scale mail (worn)
 c - a +0 kite shield (worn)
 k - a +0 pair of boots of flying
 l - a +0 pair of gloves (worn)
Jewellery
 e - an amulet of faith
Scrolls
 f - a scroll of identify
 j - a scroll of teleportation
 m - a scroll of magic mapping {unknown}
Potions
 d - a potion of might
 g - a potion of resistance
 h - a potion of haste
 i - a potion of curing {unknown}


   Skills:
 + Level 5.5 Fighting
 * Level 6.9 Axes
 + Level 5.0 Armour
 - Level 3.2 Shields


You had 5 spell levels left.
You didn't know any spells.
Your spell library contained the following spells:

 Spells                   Type           Power      Damage    Failure   Level
 Animate Skeleton         Necr           0%         N/A       99%         1
 Apportation              Tloc           0%         N/A       99%         1
 Corona                   Hex            0%         N/A       99%         1
 Summon Small Mammal      Summ           0%         N/A       99%         1
 Slow                     Hex            0%         N/A       100%        2
 Inner Flame              Hex/Fire       0%         N/A       100%        3
 Portal Projectile        Hex/Tloc       0%         N/A       100%        3
 Cause Fear               Hex            0%         N/A       100%        4
 Leda's Liquefaction      Hex/Erth       0%         N/A       100%        4


Dungeon Overview and Level Annotations

Branches:
Dungeon (4/15)             Temple (1/1) D:4

Altars:
Ashenzari
Dithmenos
Fedhas
Gozag
Hepliaklqana
Kikubaaqudgha
Qazlal
Sif Muna
Trog
Uskayaw
Wu Jian
Xom
Yredelemnul
Zin
The Shining One

Annotations:
D:3 2 transporters, vurker's ghost, amateur TeFi
D:4 Robin


Message History

Robin hits you with a +2 mace of protection.
* * * LOW HITPOINT WARNING * * *
The hobgoblin closely misses you.
You hit Robin but do no damage.
Robin is lightly wounded.
You hit the hobgoblin but do no damage. You hit the hobgoblin.
The hobgoblin no longer looks unusually strong.
Robin barely misses you. The hobgoblin barely misses you.
You block the hobgoblin's attack.
Robin roars a battlecry!
The hobgoblin goes into a battle-frenzy!
The hobgoblin completely misses you. The hobgoblin barely misses you.
You barely miss Robin.
Robin is lightly wounded.
You closely miss the hobgoblin. x2
Robin laughs in a distinctly smug fashion.
Robin hits you with a +2 mace of protection.
* * * LOW HITPOINT WARNING * * *
Robin says, "My goblins will feast on your bones."
Robin hits you with a +2 mace of protection.
* * * LOW HITPOINT WARNING * * *
The hobgoblin barely misses you. You block the hobgoblin's attack.
You slash Robin!
Robin is severely wounded.
You hit the hobgoblin.
You kill the hobgoblin!
Qazlal accepts your kill.
You slash the hobgoblin!
You kill the hobgoblin!
Qazlal accepts your kill. Robin closely misses you.
You block Robin's attack. x2
Robin barely misses you.
Items here: ))) ††††.
Robin hits you with a +2 mace of protection.
* * * LOW HITPOINT WARNING * * *
You barely miss Robin.
Robin is severely wounded.
Robin says, "Bow before me, strongest of all the hobgoblins!"
Robin hits you with a +2 mace of protection.
You die...

# #.# #.# #
#.# ##.# #
#.# ##...###
# #.. .....<#
# ### #...#.#
# # ##.##>#
.# # #
#.##.##.###.#
#
#...........
#
#..@........
#
##.#g##.##...
########
#.#)w)......
.......#
#.####.....#
######.# #.#
##### #.# #.#
#.# #.# #.#
#.# #.# #.#


You could see a worm and Robin (fast).

Vanquished Creatures
  Grinder (D:4)
  A howler monkey (D:3)
  A crimson imp (D:3)
  A hound (D:3)
  Terence (D:3)
  6 adders
  A worm (D:3)
  A dart slug (D:1)
  5 endoplasms
  8 goblins
  7 hobgoblins
  4 jackals (D:1)
  5 kobolds
  A quokka (D:1)
  A ball python (D:1)
  5 bats
  A frilled lizard (D:3)
  A goblin skeleton (D:3)
  A goblin zombie (D:3)
  5 hobgoblin zombies (D:3)
  A kobold skeleton (D:3)
  A kobold zombie (D:3)
  2 orc skeletons (D:3)
  3 rats
64 creatures vanquished.

Vanquished Creatures (others)
  3 fungi (D:1)
  11 plants (D:1)
14 creatures vanquished.

Grand Total: 78 creatures vanquished

Notes
Turn   | Place    | Note
-------+----------+-------------------------------------------
     0 | D:1      | kae the Hill Orc Fighter began the quest for the Orb.
     0 | D:1      | Reached XP level 1. HP: 19/19 MP: 1/1
     2 | D:1      | Noticed a draconian
     2 | D:1      | Noticed a centaur
     4 | D:1      | Noticed a troll
     6 | D:1      | Noticed a spriggan
     6 | D:1      | Noticed a tengu
     8 | D:1      | Noticed a palentonga
    10 | D:1      | Noticed a naga
    10 | D:1      | Noticed a human
    12 | D:1      | Noticed a ghoul
    12 | D:1      | Noticed a demonspawn
    14 | D:1      | Noticed a dwarf
    16 | D:1      | Noticed a barachi
    16 | D:1      | Noticed an octopode
    18 | D:1      | Noticed a formicid
    18 | D:1      | Noticed a demigod
    20 | D:1      | Noticed a merfolk
    20 | D:1      | Noticed a vine stalker
    22 | D:1      | Noticed a gargoyle
    22 | D:1      | Noticed an elf
    24 | D:1      | Noticed a vampire
    24 | D:1      | Noticed a felid
    26 | D:1      | Noticed an ogre
    26 | D:1      | Noticed a minotaur
    77 | D:1      | Reached skill level 3 in Axes
   146 | D:1      | Reached XP level 2. HP: 16/27 MP: 2/2
   357 | D:1      | Found a faded altar of an unknown god.
   674 | D:1      | Reached XP level 3. HP: 24/33 MP: 3/3
   954 | D:2      | Reached skill level 4 in Axes
  1588 | D:3      | Noticed Terence
  1590 | D:3      | Found a transporter.
  1597 | D:3      | Killed Terence
  1598 | D:3      | Reached XP level 4. HP: 33/41 MP: 4/4
  1684 | D:3      | Found an opulent altar of Gozag.
  1720 | D:3      | Found a hazy altar of Hepliaklqana.
  2166 | D:3      | Found a transporter.
  2177 | D:3      | Reached skill level 5 in Axes
  2177 | D:3      | Reached XP level 5. HP: 41/47 MP: 5/5
  2213 | D:3      | Noticed vurker's ghost (amateur TeFi)
  2411 | D:3      | Reached skill level 5 in Fighting
  2415 | D:3      | Found a glowing golden altar of the Shining One.
  2488 | D:3      | Reached XP level 6. HP: 56/56 MP: 6/6
  2599 | D:4      | Found a staircase to the Ecumenical Temple.
  2606 | D:4      | Noticed Grinder
  2608 | D:4      | Paralysed by Grinder for 7 turns
  2625 | D:4      | Killed Grinder
  2626 | D:4      | Reached skill level 6 in Axes
  2628 | Temple   | Entered the Ecumenical Temple
  3105 | Temple   | Became a worshipper of Qazlal Stormbringer
  3280 | D:4      | Reached skill level 5 in Armour
  3361 | D:4      | Noticed Robin
  3379 | D:4      | Slain by Robin

Illustrated notes

Levels and vault maps discovered:
D:1:      kb_arrival_jail, layout_loops_ring,
          shapermc_ecumenical_altar_hornbeckon, serial_glass, glass_columns_a,
          glass_columns_a, glass_columns_a, feat_on_display,
          due_unseen_surprise, item_on_display_a, minmay_strange_pillars
D:2:      layout_loops_cross, eino_tiny_chamber, minmay_misc_feat_room
D:3:      layout_rooms, lemuel_doored_altar, general_overflow_altar,
          nicolae_tso_besieged_by_evil, gammafunk_ghost_stat_death, uniq_terence
D:4:      layout_loops_ring, minmay_temple_entry_crystal_x, serial_shops, shop,
          uniq_edmund, uniq_crazy_yiuf_cottage, uniq_sigmund, uniq_robin,
          uniq_grinder, uniq_menkaure
Temple:   minmay_temple_forest_path

Skill      XL: |  1  2  3  4  5  6 |
---------------+-------------------+-----
Axes           | 3 4 5 6 |  6.9
Fighting       | 4 5 |  5.5
Armour         | 4 5 |  5.0
Shields        | |  3.2

Action                   |  1- 3 |  4- 6 || total
-------------------------+-------+-------++-------
Melee: War axe           |    85 |    83 ||   168
  Use: Scroll            |     4 |     3 ||     7
Armor: Scale mail        |    37 |    44 ||    81
Dodge: Dodged            |    30 |    37 ||    67
Block: Kite shield       |    46 |    54 ||   100

Table legend: (Time is in decaauts)
 A = Elapsed time spent in this place.
 B = Non-inter-level travel time spent in this place.
 C = Inter-level travel time spent in this place.
 D = Time resting spent in this place.
 E = Time spent auto-exploring this place.
 F = Levels seen in this place.
 G = Mean time per level.
                   A        B        C        D        E       F      G
               +--------+--------+--------+--------+--------+-----+--------+
         Total |   3472 |   3293 |    179 |      0 |   2876 |   5 |  694.4 |
       Dungeon |   2933 |   2874 |     59 |      0 |   2460 |   4 |  733.2 |
        Temple |    538 |    418 |    120 |      0 |    416 |   1 |  538.0 |
               +--------+--------+--------+--------+--------+-----+--------+

Top non-repeatable levels by time:
     D:3: 1051 daAuts
     D:1: 984 daAuts
     D:2: 631 daAuts
  Temple: 538 daAuts
     D:4: 265 daAuts
